AoeStats
← tico do bar

Arabia

504030454Analyzed
1v1 RM · 1mo ago on Sep 3, 2026· 42m 4s· 2 players
Game mode
Random Map
Map size
Tiny (2 player)
Population
200
Speed
Normal
Resources
Standard
Victory
Conquest
Starting age
Dark Age
Ending age
Imperial Age
RankedLock teamsTeams togetherTeam positionsShared explorationLock speedFull tech treeHidden civsTurbo modeCheats
Victory
Defeat
🇮🇳 Maya · India
952
+16
🇧🇷 Franks · Brazil
949
-16
tico do bar
4:11 Loom
10:00 Feudal Age
21:46 Castle Age
19:42 Double-Bit Axe
20:17 Gold Mining
22:06 Scale Barding Armor
21:52 Fletching
21:49 Crossbowman
22:36 Husbandry
29:31 Wheelbarrow
30:51 Bow Saw
35:07 Imperial Age
33:53 #83
34:22 Forging
35:55 Chain Barding Armor
36:11 Iron Casting
35:27 Cavalier
41:48 Gold Shaft Mining
42:41 Plate Barding Armor
Dusty
0:33 Loom
11:19 Feudal Age
12:24 Horse Collar
12:30 Double-Bit Axe
18:30 Wheelbarrow
18:51 Fletching
24:13 Castle Age
22:38 Forging
24:26 Scale Mail Armor
24:54 Bodkin Arrow
25:23 Crossbowman
25:47 Elite Skirmisher
26:32 Thumb Ring
26:13 Pikeman
27:41 Squires
30:05 Hul'che Javelineers
37:42 Imperial Age
37:09 Iron Casting
38:38 Gold Mining
38:51 Bracer
40:37 Arbalester
Connection lost

Rejoining the realm…

Still unreachable

The connection could not be restored.

Session expired

The server has moved on; the page needs a fresh start.